 Seeded DCSS version 0.27.1-2-g3b301248ec (webtiles) character file.

Game seed: 14551798346683263451 (custom seed)

32 babuloseo the Slasher (level 3, -1/27 HPs)
             Began as a Human Gladiator on Sept 30, 2021.
             Succumbed to a kobold's poison
             ... on level 3 of the Dungeon.
             The game lasted 00:02:54 (1314 turns).

babuloseo the Slasher (Human Gladiator)             Turns: 1314, Time: 00:02:54

Health: -1/27      AC:  6    Str: 13    XL:     3   Next: 42%
Magic:  3/3        EV: 15    Int:  8    God:
Gold:   60         SH:  0    Dex: 14    Spells: 2/2 levels left

rFire    . . .     SeeInvis +   k - +0 great sword
rCold    . . .     Faith    .   (shield currently unavailable)
rNeg     + . .     Spirit   .   f - +0 ring mail
rPois    .         Reflect  .   c - +0 helmet
rElec    .         Harm     .   (no cloak)
rCorr    .         Rampage  .   (no gloves)
Will     +....                  (no boots)
Stlth    +.........             (no amulet)
HPRegen  0.09/turn              o - ring "Hesydee" {rN+ Will+ EV+4 Str-2 SInv}
MPRegen  0.08/turn              (no ring)

@: lethally poisoned (-1 -> -12)
A: no striking features
a: no special abilities


You were on level 3 of the Dungeon.
You visited 1 branch of the dungeon, and saw 4 of its levels.

You collected 60 gold pieces.

Inventory:

Hand Weapons
 a - a +0 long sword
 k - a +0 great sword (weapon)
Missiles
 d - 2 throwing nets (quivered)
 e - 8 javelins
Armour
 b - a +0 leather armour
 c - a +0 helmet (worn)
 f - a +0 ring mail (worn)
Jewellery
 i - a ring of fire
 o - the ring "Hesydee" (left hand) {rN+ Will+ EV+4 Str-2 SInv}
   (You acquired it on level 2 of the Dungeon)

   [ring of evasion]

   EV:        It affects your evasion (+4).
   Str:       It affects your strength (-2).
   rN:        It protects you from negative energy.
   SInv:      It lets you see invisible.
   Will:      It increases your willpower.
Scrolls
 g - 2 scrolls of blinking {unknown}
 j - 2 scrolls of identify {unknown}
 m - a scroll of torment {unknown}
 n - a scroll of enchant armour {unknown}
Potions
 h - a potion of degeneration {unknown}
 l - a potion of mutation {unknown}
 p - a potion of brilliance {unknown}


   Skills:
 + Level 2.2 Fighting
 * Level 3.5 Long Blades
 + Level 2.2 Throwing
 - Level 0.1 Armour
 + Level 3.3 Dodging


You had 2 spell levels left.
You didn't know any spells.
Your spell library contained the following spells:

 Spells                   Type           Power      Damage    Failure   Level
 Magic Dart               Conj           0%         1d3       67%         1
 Call Imp                 Summ           0%         N/A       82%         2
 Searing Ray              Conj           0%         3d3       82%         2
 Mephitic Cloud           Conj/Pois/Air  0%         N/A       96%         3
 Fulminant Prism          Conj/Hex       0%         3d6       100%        4


Dungeon Overview and Level Annotations

Branches:
Dungeon (4/15)
 Temple: D:4-7

Altars:
Elyvilon
Qazlal
Wu Jian

Annotations:
D:2 1 runed translucent door


Message History

The kobold closely misses you.
A kobold is nearby!
You closely miss the kobold. The kobold hits you but does no damage.
You are poisoned.
The kobold hits you with a +2 short sword of venom.
You are more poisoned.
A kobold is nearby!
You closely miss the kobold.
You feel very sick. The kobold misses you. The kobold barely misses you.
You riposte.
You closely miss the kobold.
A kobold is nearby!
You barely miss the kobold.
You feel very sick. The kobold closely misses you.
A kobold is nearby!
You closely miss the kobold.
You feel very sick.
The kobold hits you with a +2 short sword of venom.
The kobold barely misses you.
A kobold is nearby!
You are too injured to fight recklessly!
A kobold is nearby!
You are too injured to fight recklessly!
You are too injured to fight recklessly!
You are too injured to fight recklessly!
You hit the kobold.
The kobold is heavily wounded.
You feel sick.
The kobold hits you with a +2 short sword of venom.
* * * LOW HITPOINT WARNING * * *
You are lethally poisoned!
You closely miss the kobold.
The kobold is heavily wounded.
* * * LOW HITPOINT WARNING * * *
You feel very sick. The kobold closely misses you.
The kobold barely misses you.
You completely miss the kobold.
The kobold is heavily wounded.
You die...

.............#
############.# #.#
#.# #.# #.#.#.#
#.#....
############.#.#.##
..........>..#....
##########.####..##
...... #.....K@<#
####### ##########
......# .####.# .#
#.# .## #.# ..# #.#
..# #.# ..# #.#


You could see a kobold.

Vanquished Creatures
  An adder (D:2)
  An adder skeleton (D:4)
  A worm (D:3)
  A goblin (D:2)
  6 hobgoblins (D:2)
  A quokka (D:2)
  3 ball pythons (D:2)
  A bat (D:2)
  2 rats (D:2)
17 creatures vanquished.

Notes
Turn   | Place    | Note
-------+----------+-------------------------------------------
     0 | D:1      | babuloseo the Human Gladiator began the quest for the Orb.
     0 | D:1      | Reached XP level 1. HP: 16/16 MP: 1/1
     9 | D:2      | Found a stormy altar of Qazlal.
    19 | D:2      | Reached XP level 2. HP: 9/22 MP: 2/2
   641 | D:4      | Found an ornate altar of the Wu Jian Council.
   786 | D:4      | Found a white marble altar of Elyvilon.
   968 | D:2      | Found a runed translucent door.
  1017 | D:2      | Reached XP level 3. HP: 27/27 MP: 3/3
  1222 | D:2      | Identified a scroll of acquirement
  1222 | D:2      | Acquired the ring "Hesydee" {rN+ Will+ EV+4 Str-2 SInv}
  1314 | D:3      | Succumbed to a kobold's poison

Illustrated notes

Levels and vault maps discovered:
D:1:      lemuel_arrival_river_bridge, layout_rooms
D:2:      layout_loops_cross, basic_altar, serial_shops, shop,
          minmay_goblin_kobold_house, uniq_crazy_yiuf_cottage, uniq_robin
D:3:      layout_basic, grunt_gozag_breadcrumbs,
          hellmonk_ecumenical_altar_heavens_door
D:4:      layout_loops_ring, zin_treasury, elyvilon_altar_3,
          nzn_wu_jian_contemplation, serial_co_window_serial,
          co_window_corner_a, co_window_corner_a, co_window_of_opportunity_a,
          co_window_corner_a, co_window_paths_a, co_window_corner_b,
          co_window_paths_c, co_window_2corner, co_window_paths_c,
          co_window_of_opportunity_b, co_window_of_opportunity_c,
          co_window_of_opportunity_c, glass_columns_a, glass_columns_c

Action                   || total
-------------------------++-------
Melee: Long sword        ||    25
       Great sword       ||    31
Throw: Throwing net      ||     4
  Use: Scroll            ||     1
Armor: Leather armour    ||     1
       Ring mail         ||    16
Dodge: Dodged            ||    51
       Rpst.: Long sword ||     6
       Great sword       ||     7
